 Dungeon Crawl Stone Soup version 0.20.1-1-g8b1a95d (console) character file.

28 Goblin1989 the Firebug (level 2, 21/21 HPs)
             Began as a Demonspawn Fire Elementalist on July 8, 2017.
             Quit the game on level 1 of the Dungeon.
             The game lasted 00:03:18 (1249 turns).

Goblin1989 the Firebug (DsFE)                       Turns: 1249, Time: 00:03:19

Health: 21/21      AC:  2    Str:  8    XL:     2   Next: 96%
Magic:  5/5        EV: 12    Int: 16    God:
Gold:   27         SH:  0    Dex: 13    Spells: 4/5 levels left

rFire    . . .     SeeInvis .   k - +0 dagger
rCold    . . .     Gourm    .   (no shield)
rNeg     . . .     Faith    .   a - +0 robe
rPois    .         Spirit   .   (helmet restricted)
rElec    .         Reflect  .   (no cloak)
rCorr    .         Harm     .   (no gloves)
MR       .....                  (no boots)
Stlth    ++........             (no amulet)
Regen    0.1/turn               (no ring)
MPRegen  0.1/turn               (no ring)

@: no status effects
A: antennae 1
a: no special abilities


You were on level 1 of the Dungeon.
You were hungry.

You visited 1 branch of the dungeon, and saw 1 of its levels.

You collected 27 gold pieces.

Inventory:

Hand Weapons
 h - a +0 club
 i - a +0 hunting sling
 k - a +0 dagger (weapon)
Missiles
 f - 33 stones (quivered)
Armour
 a - a +0 robe (worn)
Scrolls
 n - a scroll of identify {unknown}
Potions
 m - a potion of brilliance {unknown}
Books
 b - a book of Flames

   Spells                             Type                      Level
   a - Flame Tongue                   Conjuration/Fire             1
   b - Throw Flame                    Conjuration/Fire             2
   c - Conjure Flame                  Conjuration/Fire             3
   d - Inner Flame                    Hexes/Fire                   3
   e - Sticky Flame                   Conjuration/Fire             4
   f - Fireball                       Conjuration/Fire             5
Comestibles
 e - a bread ration {@e1}
 j - a royal jelly


   Skills:
 + Level 1.0 Fighting
 + Level 0.1 Armour
 - Level 1.7 Dodging
 - Level 1.7 Stealth
 * Level 1.1 Unarmed Combat
 - Level 2.1 Spellcasting
 - Level 1.2 Conjurations
 - Level 3.0 Fire Magic


You had 4 spell levels left.
You knew the following spells:

 Your Spells              Type           Power        Failure   Level  Hunger
a - Flame Tongue          Conj/Fire      #....        9%          1    #......


Dungeon Overview and Level Annotations

Branches:
Dungeon (1/15)

Altars:


Innate Abilities, Weirdness & Mutations

You have a pair of small antennae on your head.


Message History

MP restored: 5
f - 33 stones (gained 15) Unknown command.
Some of the chunks of flesh in your inventory have rotted away.
A goblin comes into view.
The goblin shouts!
The goblin hits you but does no damage.
Casting: Flame Tongue
Confirm with . or Enter, or press ? or * to list all spells.
Aiming: Flame Tongue
Press: ? - help, Shift-Dir - straight line, f - goblin
Aim: a goblin The flame tongue hits the goblin.
You kill the goblin!
Your Fighting skill increases to level 1!
Health restored: 21 You now have 4/5 mp.
Casting: Flame Tongue
Confirm with . or Enter, or press ? or * to list all spells.
You can't see any susceptible monsters within range! (Use Z to cast anyway.)
Casting: Flame Tongue
Confirm with . or Enter, or press ? or * to list all spells.
You can't see any susceptible monsters within range! (Use Z to cast anyway.)
A rat comes into view.
MP restored: 5
Casting: Flame Tongue
Confirm with . or Enter, or press ? or * to list all spells.
You can't see any susceptible monsters within range! (Use Z to cast anyway.)
Casting: Flame Tongue
Confirm with . or Enter, or press ? or * to list all spells.
Aiming: Flame Tongue
Press: ? - help, Shift-Dir - straight line, f - rat
Aim: a rat The flame tongue hits the rat.
The rat is severely wounded.
The rat bites you but does no damage.
You now have 4/5 mp.
Casting: Flame Tongue
Confirm with . or Enter, or press ? or * to list all spells.
Aiming: Flame Tongue
Press: ? - help, Shift-Dir - straight line, f/p - rat
Aim: a rat (severely wounded)
The flame tongue misses the rat.
The rat closely misses you.
You now have 3/5 mp.
Casting: Flame Tongue
Confirm with . or Enter, or press ? or * to list all spells.
Aiming: Flame Tongue
Press: ? - help, Shift-Dir - straight line, f/p - rat
Aim: a rat (severely wounded)
The flame tongue hits the rat.
You kill the rat!
You now have 2/5 mp.
Casting: Flame Tongue
Confirm with . or Enter, or press ? or * to list all spells.
You can't see any susceptible monsters within range! (Use Z to cast anyway.) Some of the chunks of flesh in your inventory have rotted away.
A hobgoblin comes into view. It is wielding a club.
MP restored: 5
Casting: Flame Tongue
Confirm with . or Enter, or press ? or * to list all spells.
You can't see any susceptible monsters within range! (Use Z to cast anyway.)
Casting: Flame Tongue
Confirm with . or Enter, or press ? or * to list all spells.
You can't see any susceptible monsters within range! (Use Z to cast anyway.)
Casting: Flame Tongue
Confirm with . or Enter, or press ? or * to list all spells.
You can't see any susceptible monsters within range! (Use Z to cast anyway.)
Casting: Flame Tongue
Confirm with . or Enter, or press ? or * to list all spells.
Aiming: Flame Tongue
Press: ? - help, Shift-Dir - straight line, f - hobgoblin
Aim: a hobgoblin, wielding a club (resting)
The flame tongue hits the hobgoblin.
The hobgoblin is severely wounded.
The hobgoblin shouts!
You now have 4/5 mp.
Casting: Flame Tongue
Confirm with . or Enter, or press ? or * to list all spells.
Aiming: Flame Tongue
Press: ? - help, Shift-Dir - straight line, f/p - hobgoblin
Aim: a hobgoblin, wielding a club (severely wounded)
The flame tongue hits the hobgoblin.
You kill the hobgoblin!
You now have 3/5 mp.
Casting: Flame Tongue
Confirm with . or Enter, or press ? or * to list all spells.
You can't see any susceptible monsters within range! (Use Z to cast anyway.)
Casting: Flame Tongue
Confirm with . or Enter, or press ? or * to list all spells.
You can't see any susceptible monsters within range! (Use Z to cast anyway.)
You see here a club.
All of the chunks of flesh in your inventory have rotted away.
You are feeling hungry.
MP restored: 5 Saving game... please wait.
Welcome back, Goblin1989 the Demonspawn Fire Elementalist.
Press ? for a list of commands and other information.
Okay, then.
Unknown command.
Are you sure you want to abandon this character and quit the game? (Confirm with "yes".) █████████████████████ ███████

█...................████.....████
.................................
█.█████████████████.████.....████
█.█ █.....██.█ █.....█ █.█
█.....██)█████.████ █.█
█.....█....███.███████ █.█
██████.....█...(........... ...
..........@█....█......████ █..
█████..........█......█
█.██.....█.█......█
█.██.....█.███.████ █..█.....█.█
█.███ ██.█.....█.███...█████ ███
█..████.█.██......... ...█ ██.██
█.█.██....█████ .....█ █..█
█.█............


There were no monsters in sight!

Vanquished Creatures
  2 dart slugs (D:1)
  2 giant cockroaches (D:1)
  3 goblins (D:1)
  7 hobgoblins (D:1)
  A kobold (D:1)
  A bat (D:1)
  6 rats (D:1)
22 creatures vanquished.

Notes
Turn   | Place    | Note
-------+----------+-------------------------------------------
     0 | D:1      | Goblin1989 the Demonspawn Fire Elementalist began the quest for the Orb.
     0 | D:1      | Reached XP level 1. HP: 13/13 MP: 3/3
   299 | D:1      | Reached skill level 3 in Fire Magic
   318 | D:1      | Gained mutation: You have a pair of small antennae on your head. [demonic ancestry]
   318 | D:1      | Reached XP level 2. HP: 19/19 MP: 3/5
   798 | D:1      | Reached skill level 1 in Unarmed Combat
  1058 | D:1      | Reached skill level 1 in Fighting
  1249 | D:1      | Quit the game

Skill      XL: |  1  2 |
---------------+-------+-----
Fire Magic     | 3 |  3.0
Unarmed Combat | 1 |  1.1
Fighting       | 1 |  1.0
Armour         | |  0.1
Dodging        | |  1.7
Stealth        | |  1.7
Spellcasting   | |  2.1
Conjurations   | |  1.2

Action                   || total
-------------------------++-------
 Cast: Flame Tongue      ||    39
  Eat: Chunk             ||     1
Armor: Robe              ||     5
Dodge: Dodged            ||     8

Vault maps used:
D:1:      tarquinn_simple_flora_water_a
